 Dungeon Crawl Stone Soup version 0.20.0-10-g0535bb4 (webtiles) character file.

114 Gorglomux the Insei (level 4, 0/31 HPs)
             Began as an Octopode Transmuter on June 7, 2017.
             Slain by a worm (12 damage)
             ... on level 3 of the Dungeon.
             The game lasted 00:04:48 (2675 turns).

Gorglomux the Insei (Octopode Transmuter)           Turns: 2675, Time: 00:04:48

Health: 0/31       AC:  1    Str:  9    XL:     4   Next: 98%
Magic:  16/16      EV: 12    Int: 16    God:
Gold:   190        SH:  0    Dex: 12    Spells: 1/7 levels left

rFire    . . .     SeeInvis .     - Unarmed
rCold    . . .     Gourm    .   (no shield)
rNeg     . . .     Faith    .   (helmet restricted)
rPois    .         Spirit   .   (no amulet)
rElec    .         Reflect  .   H - ring of magical power
rCorr    .         Harm     .   K - ring of wizardry
MR       .....                  (no ring)
Stlth    ++........             (no ring)
Regen    0.1/turn               (no ring)
MPRegen  0.2/turn               (no ring)
                                (no ring)
                                (no ring)

@: appendage (expiring), drained
A: almost no armour, stealthy swim, amphibious, 8 rings, constrict 8, tentacle
spike 3, camouflage 1, gelatinous body 1
a: End Transformation


You were on level 3 of the Dungeon.
You were not hungry.
One of your tentacles had a temporary spike.
You visited 1 branch of the dungeon, and saw 3 of its levels.

You collected 190 gold pieces.

Inventory:

Missiles
 a - 39 arrows
Armour
 G - a +0 shield
Jewellery
 H - a ring of magical power (left tentacle)
 K - a ring of wizardry (right tentacle)
Scrolls
 e - a scroll of noise {unknown}
 f - 5 scrolls of identify {unknown}
 g - 4 scrolls of amnesia {unknown}
 C - a scroll of immolation {unknown}
 D - 2 scrolls of remove curse {unknown}
 F - 2 scrolls of blinking {unknown}
 M - a scroll of fear {unknown}
 O - a scroll of random uselessness {unknown}
 P - a scroll of teleportation {unknown}
 S - a scroll of fog {unknown}
Potions
 d - 2 potions of invisibility {unknown}
 A - a potion of heal wounds {unknown}
 J - a potion of berserk rage {unknown}
 L - a potion of curing {unknown}
 Q - a potion of flight {unknown}
Books
 b - a book of Changes

   Spells                             Type                      Level
   a - Beastly Appendage              Transmutation                1
   b - Sticks to Snakes               Transmutation                2
   c - Spider Form                    Transmutation/Poison         3
   d - Ice Form                       Ice/Transmutation            4
   e - Blade Hands                    Transmutation                5
Comestibles
 c - 4 bread rations
 z - a meat ration
 R - 3 royal jellies
 T - a chunk of flesh


   Skills:
 + Level 3.2(2.3) Fighting
 - Level 2.0(1.0) Dodging
 + Level 4.4(3.4) Unarmed Combat
 - Level 2.0(1.0) Spellcasting
 - Level 2.0(1.0) Transmutations


You had one spell level left.
You knew the following spells:

 Your Spells              Type           Power        Failure   Level  Hunger
a - Beastly Appendage     Tmut           #.....       6%          1    ##.....
b - Sticks to Snakes      Tmut           #.......     9%          2    ###....
c - Spider Form           Tmut/Pois      #.........   22%         3    ####...


Dungeon Overview and Level Annotations

Branches:
Dungeon (3/15)

Altars:
Ru


Innate Abilities, Weirdness & Mutations

You cannot wear most types of armour.
You are very stealthy in the water. (Stealth+)
You are amphibious.
You can wear up to eight rings at the same time.
You can use your tentacles to constrict eight enemies at once.
Your skin changes colour to match your surroundings (Stealth+).
Your rubbery body absorbs attacks. (AC +1, EV +1)
One of your tentacles bears a large vicious spike.


Message History

A worm is nearby!
Unknown command.
A worm is nearby!
Casting: Beastly Appendage
Confirm with . or Enter, or press ? or * to list all spells.
One of your tentacles grows a vicious spike.
You are too injured to fight recklessly!
You are too injured to fight recklessly!
You are too injured to fight recklessly!
The worm bites you.
You barely miss the worm. You grab the worm.
Your transformation is almost over.
You constrict the worm. The worm bites you!
You tentacle-slap the worm. You squeeze the worm, but do no damage.
The worm is moderately wounded.
You constrict the worm. You tentacle-slap the worm.
The worm is heavily wounded.
You constrict the worm. The worm bites you!
You die...

#.......[............
#....................
#....................
#....................
#.................... #..
#....................
#...#....................
#...#..w............<....
##.......@............(...
#.........................
#.........................
#.........................
#.........................
#.......#########.........
######.......# #.........
#.......# ##.##.....
#.......# #.###....


You could see a worm.

Vanquished Creatures
  An orc wizard (D:2)
  A gnoll (D:1)
  2 adders (D:2)
  A worm (D:2)
  2 leopard geckos
  2 orcs (D:3)
  A ball python (D:1)
  4 giant cockroaches
  12 goblins
  4 hobgoblins
  3 jackals (D:2)
  3 quokkas (D:2)
  6 bats
  5 frilled lizards
  4 kobolds
  5 rats
56 creatures vanquished.

Notes
Turn   | Place    | Note
-------+----------+-------------------------------------------
     0 | D:1      | Gorglomux the Octopode Transmuter began the quest for the Orb.
     0 | D:1      | Reached XP level 1. HP: 13/13 MP: 3/3
   329 | D:1      | Reached XP level 2. HP: 16/18 MP: 3/5
   464 | D:1      | Learned a level 2 spell: Sticks to Snakes
   521 | D:1      | Reached XP level 3. HP: 11/24 MP: 3/6
  1492 | D:2      | Learned a level 3 spell: Spider Form
  1536 | D:2      | Found a sacrificial altar of Ru.
  1550 | D:2      | Reached skill level 4 in Unarmed Combat
  1550 | D:2      | Reached XP level 4. HP: 21/30 MP: 7/7
  1594 | D:2      | Reached skill level 3 in Fighting
  2675 | D:3      | Slain by a worm

Skill      XL: |  1  2  3  4 |
---------------+-------------+-----
Fighting       | 2 3 |  3.2
Unarmed Combat | 4 |  4.4
Dodging        | |  2.0
Spellcasting   | |  2.0
Transmutations | |  2.0

Action                   |  1- 3 |  4- 6 || total
-------------------------+-------+-------++-------
Melee: Unarmed           |    82 |    46 ||   128
       Constrict         |    23 |    12 ||    35
       Tentacles         |    21 |     7 ||    28
       Kick              |    19 |    14 ||    33
       Punch             |     1 |     3 ||     4
 Cast: Beastly Appendage |    16 |    15 ||    31
       Sticks to Snakes  |     2 |       ||     2
       Spider Form       |     1 |       ||     1
 Stab: Sleeping          |     1 |     1 ||     2
  Eat: Chunk             |     2 |     5 ||     7
Armor: Skin              |     9 |     3 ||    12
Dodge: Dodged            |    52 |    27 ||    79
